 Dungeon Crawl Stone Soup version 0.30.1-10-g1249ef9ec4 (webtiles) character file.

Game seed: 16199644647468804174

138640 safid the Gelid (level 17, -6/144 HPs)
             Began as a Merfolk Ice Elementalist on Oct 24, 2023.
             Was a High Priest of Vehumet.
             Killed from afar by an eleionoma (22 damage)
             ... with a spray of wooden splinters
             ... on level 3 of the Swamp on Oct 26, 2023.
             The game lasted 01:11:10 (33633 turns).

safid the Gelid (Merfolk Ice Elementalist)         Turns: 33633, Time: 01:11:12

Health: -6/144     AC: 14    Str:  8    XL:     17   Next: 26%
Magic:  11/33      EV: 35    Int: 24    God:    Vehumet [*****.]
Gold:   242        SH:  0    Dex: 19    Spells: 11/40 levels left

rFire   + . .        B - +12 pair of quick blades "Gyre" and "Gimble" {protect}
rCold   . . .        (shield currently unavailable)
rNeg    + . .        a - +0 robe
rPois   .            r - +2 helmet
rElec   .            m - +0 cloak
rCorr   .            p - +2 pair of gloves
SInv    .            E - +0 pair of boots
Will    +....        t - amulet of Laops {Acrobat Regen+}
Stlth   ++++         s - ring of Oxecs {Contam rN+ AC+4 Int+2 Dex+4}
HPRegen 1.24/turn    x - ring of protection from fire
MPRegen 0.23/turn

%: acrobat
@: about to teleport, acrobatic
A: (nimble swimmer 2), mertail
a: Renounce Religion


You were on level 3 of the Swamp.
You worshipped Vehumet.
Vehumet was extremely pleased with you.
You visited 4 branches of the dungeon, and saw 26 of its levels.
You also visited: Gauntlet.

You collected 2694 gold pieces.
You spent 2452 gold pieces at shops.

Inventory:

Hand Weapons
 B - the +12 pair of quick blades "Gyre" and "Gimble" (weapon) {protect}
   (You found it on level 8 of the Dungeon)
Missiles
 d - 5 throwing nets
 C - 4 curare-tipped darts
Armour
 a - a +0 robe (worn)
 m - a +0 cloak (worn)
 p - a +2 pair of gloves (worn)
 r - a +2 helmet (worn)
 E - a +0 pair of boots (worn)
Jewellery
 s - the ring of Oxecs (left hand) {Contam rN+ AC+4 Int+2 Dex+4}
   (You bought it in a shop on level 2 of the Orcish Mines)

   [ring of protection]

   AC:        It affects your AC (+4).
   Int:       It affects your intelligence (+2).
   Dex:       It affects your dexterity (+4).
   rN:        It protects you from negative energy.
   Contam:    It causes magical contamination when unequipped.
 t - the amulet of Laops (around neck) {Acrobat Regen+}
   (You acquired it on level 12 of the Dungeon)

   [amulet of the acrobat]

   It increases your evasion while moving and waiting.
   Regen:     It increases your rate of health regeneration.
 v - a ring of protection from fire
 x - a ring of protection from fire (right hand)
 K - a ring of flight
Wands
 i - a wand of quicksilver (13)
 w - a wand of paralysis (14)
 y - a wand of polymorph (6)
 G - a wand of roots (14)
 H - a wand of flame (40)
 N - a wand of digging (8)
Scrolls
 e - 5 scrolls of enchant weapon
 f - 4 scrolls of amnesia
 h - 3 scrolls of blinking
 j - 5 scrolls of fog
 o - 13 scrolls of teleportation
 q - 2 scrolls of brand weapon
 D - 2 scrolls of magic mapping
 F - 2 scrolls of fear
Potions
 b - 4 potions of magic
 c - 10 potions of mutation
 g - 5 potions of curing
 k - 7 potions of lignification
 l - 4 potions of flight
 n - a potion of ambrosia
 u - 3 potions of heal wounds
 z - 7 potions of resistance
 J - 4 potions of might
 L - 4 potions of berserk rage
 O - 3 potions of haste
 R - 5 potions of cancellation
 T - a potion of brilliance
Miscellaneous
 P - a condenser vane
 Q - a lightning rod (4/4)


   Skills:
 + Level 16.2 Fighting
 - Level 12.0 Short Blades
 + Level 12.4 Dodging
 - Level 8.0 Stealth
 - Level 12.0 Spellcasting
 - Level 4.0 Conjurations
 - Level 2.0 Translocations
 + Level 10.0 Transmutations
 + Level 16.2 Ice Magic
 - Level 2.0 Air Magic
 - Level 8.0 Evocations


You had 11 spell levels left.
You knew the following spells:

 Your Spells              Type           Power      Damage    Failure   Level
a - Irradiate             Conj/Tmut      24%        3d19      1%          5
b - Frozen Ramparts       Ice            100%       1d16      0%          3
c - Ozocubu's Armour      Ice            75%        N/A       0%          3
d - Hailstorm             Conj/Ice       58%        3d13      1%          3
e - Ozocubu's Refrigerat  Ice            37%        4d15      1%          7
f - Freezing Cloud        Conj/Ice/Air   24%        6-21      1%          5
g - Blink                 Tloc           48%        N/A       2%          2
h - Freeze                Ice            100%       1d10      0%          1

Your spell library contained the following spells:

 Spells                   Type           Power      Damage    Failure   Level
 Fireball                 Conj/Fire      12%        3d7       13%         5
 Apportation              Tloc           48%        N/A       1%          1
 Magic Dart               Conj           100%       1d8       1%          1
 Sandblast                Erth           28%        2d8       1%          1
 Sting                    Tmut/Pois      100%       1d8       1%          1
 Ensorcelled Hibernation  Hex/Ice        100%       N/A       1%          2
 Momentum Strike          Conj/Tloc      56%        3d9       1%          2
 Passwall                 Tmut/Erth      31%        N/A       1%          2
 Poisonous Vapours        Pois/Air       38%        N/A       1%          2
 Searing Ray              Conj           66%        2d6       1%          2
 Ignite Poison            Fire/Tmut/Pois 30%        N/A       1%          3
 Spider Form              Tmut/Pois      38%        N/A       1%          3
 Stone Arrow              Conj/Erth      48%        3d10      1%          3
 Summon Ice Beast         Ice/Summ       52%        N/A       1%          4
 Blade Hands              Tmut           29%        N/A       1%          5
 Lesser Beckoning         Tloc           48%        N/A       2%          2
 Inner Flame              Hex/Fire       14%        N/A       3%          3
 Necrotise                Necr           56%        1d6       4%          1
 Summon Small Mammal      Summ           56%        N/A       4%          1
 Yara's Violent Unravell  Hex/Tmut       19%        3d9       4%          5
 Gell's Gravitas          Tloc           24%        N/A       5%          3
 Teleport Other           Tloc           24%        N/A       5%          3
 Flame Wave               Conj/Fire      24%        2d8       5%          4
 Fulminant Prism          Conj/Hex       12%        3d8       5%          4
 Petrify                  Tmut/Erth      38%        N/A       5%          4
 Sticky Flame             Conj/Fire      24%        2d5       5%          4
 Sublimation of Blood     Necr           14%        N/A       6%          2
 Olgreb's Toxic Radiance  Pois           14%        N/A       11%         4
 Tukima's Dance           Hex            14%        N/A       13%         3
 Passage of Golubria      Tloc           24%        N/A       19%         4
 Anguish                  Hex/Necr       7%         N/A       38%         4
 Animate Armour           Summ/Erth      28%        N/A       38%         4
 Cause Fear               Hex            7%         N/A       38%         4
 Dragon Form              Tmut           29%        N/A       52%         7
 Iron Shot                Conj/Erth      12%        9d3       54%         6
 Silence                  Hex/Air        9%         N/A       61%         5
 Summon Mana Viper        Hex/Summ       14%        N/A       75%         5
 Monstrous Menagerie      Summ           7%         N/A       100%        7
 Ignition                 Fire           7%         3d4       100%        8
 Lehudib's Crystal Spear  Conj/Erth      12%        10d4      100%        8
 Dragon's Call            Summ           7%         N/A       100%        9


Dungeon Overview and Level Annotations

Branches:
Dungeon (15/15)            Temple (0/1) D:4            Lair (5/5) D:10
  Swamp (4/4) Lair:2        Snake (0/4) Lair:2        Slime (0/5) Lair:4
    Orc (2/2) D:10            Elf (0/3) Orc:2        Vaults (0/5) D:13
 Depths (0/4) D:15        Gauntlet (visited)

Altars:
Cheibriados
Dithmenos
Elyvilon
Nemelex Xobeh
Qazlal
Trog
Vehumet
Wu Jian
Jiyva

Shops:
D:1 :[   D:5 :   D:7 [!?[   Orc:2 [:=*

Annotations:
D:15 3 runed translucent doors, Kefanin's ghost, adept GrEE
Swamp:3 Roxanne


Innate Abilities, Weirdness & Mutations

((You are very nimble when in or above water. (Stealth+, EV+, Speed+++)))
Your lower body shifts to a powerful aquatic tail in water.


Message History

You puncture the seven-headed hydra! x2; The eleionoma hits you!
The seven-headed hydra misses you. x2
The seven-headed hydra completely misses you.
The seven-headed hydra bites you but does no damage.
The seven-headed hydra closely misses you.
The seven-headed hydra bites you but does no damage.
The seven-headed hydra bites you.
You hit the seven-headed hydra.
You kill the seven-headed hydra!
Vehumet accepts your kill.
Unknown command.
The eleionoma attacks as you move away! The eleionoma hits you!
There is a stone staircase leading up, spattered with blood here.
Unknown command.
Unknown command.
Unknown command.
The bog body touches you! The bog body freezes you!!
The eight-headed hydra completely misses you.
The eight-headed hydra barely misses you. x2
The eight-headed hydra bites you but does no damage. x2
The eight-headed hydra closely misses you.
The eight-headed hydra barely misses you.
The eight-headed hydra completely misses you.
You climb upwards.
Level annotation: Roxanne
There is a stone staircase leading down here.
Unknown command.
As you read the scroll of teleportation, it crumbles to dust.
You feel strangely unstable. The bog body touches you.
The bog body freezes you!
* * * LOW HITPOINT WARNING * * *
The eleionoma completely misses you.
Unknown command.
The bog body attacks as you move away! The bog body touches you!
* * * LOW HITPOINT WARNING * * *
The bog body freezes you!
* * * LOW HITPOINT WARNING * * *
The eleionoma hurls a spray of splinters at you.
The spray of wooden splinters hits you!!
You die...

.~.~~..~.~♣....♣ ♣♣♣...♣
8.~§§~~§~.~~♣.~♣♣ ♣♣.....♣
..♣.~~~~~.~♣..÷♣♣♣♣♣~~....♣
..~§.~.~~.~~~.~.♣♣..~~~.♣.♣♣
♣!~~~~~..~~~..~~~..♣~~~~♣♣♣♣
♣~~....~~[.~...~.~~.~.~♣♣
~~~~§~...~D....~....♣♣♣
♣~~~~....n....~.....♣.♣♣
~~♣..♣~R.@..~~~♣...~..♣♣♣
~♣§~♣♣~..~......~~~♣~.♣.♣♣
~..♣♣....~~~.~§~~~~.~.~~~♣
♣~~♣♣..~.~~§.....~..)~...)
~. ♣....~~§♣~.~~.~........
♣....~.~.~.~~.~~♣♣.....
♣.....~~.~~~~~~.~♣♣....
♣♣.~~.§~~~~.§.~~.~♣...~
♣♣.~~~~§§~~~..~...~.~..


You could see an eleionoma, an eight-headed hydra (slow) and a bog body.

Vanquished Creatures
  Jorgrun (Swamp:2)
  Kirke (Lair:4)
  Agnes (D:15)
  Donald (Swamp:2)
  Nessos (D:15)
  An eleionoma (Swamp:2)
  4 bunyips
  A minotaur (Gauntlet)
  An ettin (Orc:2)
  Snorg (D:12)
  2 fire dragons (Swamp:2)
  A vault guard (D:13)
  A catoblepas (Lair:3)
  3 centaur warriors
  4 ogre magi
  25 two-headed ogres
  2 ghost crabs
  14 hydras
  12 alligators
  4 boulder beetles
  14 death yaks
  An orc high priest (Orc:2)
  Urug (D:12)
  3 skysharks (Lair:5)
  3 spriggan druids
  6 swamp dragons
  4 goliath frogs
  2 deep trolls (Orc:2)
  A necromancer (D:15)
  A bog body (Swamp:2)
  4 wizards
  An orc knight (Orc:1)
  An orc sorcerer (D:15)
  3 lindwurms (Swamp:2)
  2 manticores
  9 cyclopes
  A will-o-the-wisp (Swamp:1)
  4 black mambas
  A black mamba (shapeshifter) (D:14)
  7 elephants (Lair:5)
  A torpor snail (Lair:5)
  2 gargoyles
  6 rime drakes
  15 cane toads
  A centaur skeleton (D:15)
  An unseen horror (D:11)
  A kobold demonologist (D:11)
  An unseen horror zombie (D:9)
  A komodo dragon (shapeshifter) (D:13)
  4 komodo dragons
  A meliai (shapeshifter) (D:15)
  3 meliai (D:14)
  16 trolls
  2 bloated husks
  A wolf spider simulacrum (D:15)
  6 tyrant leeches
  16 hornets
  8 polar bears
  9 blink frogs
  A blink frog (shapeshifter) (D:15)
  A dream sheep (Lair:5)
  3 centaur simulacra
  2 slime creatures (D:15)
  2 culicivoras (shapeshifter)
  26 spriggans
  A shadow (D:9)
  5 hogs
  A wraith (D:9)
  3 wyverns
  A vampire (D:12)
  6 steam dragons
  A basilisk (Lair:2)
  24 yaks
  A neqoxec (Gauntlet)
  14 vampire mosquitoes
  2 chaos spawn (Gauntlet)
  9 swamp worms
  3 nagas (Lair:2)
  3 wargs
  Edmund (D:4)
  Menkaure (D:4)
  5 acid dragons
  24 water moccasins
  A swamp drake (Swamp:4)
  14 orc warriors
  A sky beast (D:6)
  4 black bears
  5 ice beasts
  7 boggarts
  7 centaurs
  21 ogres
  36 wolves
  2 kobold brigands
  13 bullfrogs
  A gnoll sergeant (D:6)
  5 scorpions
  13 wights
  25 killer bees
  8 howler monkeys
  2 centaur zombies (D:9)
  An iron imp (D:15)
  12 jellies
  A sleepcap (D:7)
  10 orc priests
  7 hounds
  5 iguanas
  Jessica (D:3)
  17 orc wizards
  2 howler monkey zombies (D:9)
  Robin (D:3)
  6 gnolls
  7 adders
  3 shadow imps
  7 white imps
  An ufetubus (D:12)
  A worm (D:3)
  A dart slug (D:2)
  40 orcs
  3 ball pythons
  2 bats
  9 endoplasms
  2 giant cockroaches
  19 goblins
  13 hobgoblins
  A quokka (D:4)
  2 frilled lizards (D:1)
  18 kobolds
  7 rats
749 creatures vanquished.

Vanquished Creatures (others)
  2 bloated husks
  An orc wizard (D:8)
  An orc (D:8)
  2 foxfires (Swamp:1)
6 creatures vanquished.

Grand Total: 755 creatures vanquished

Notes
Turn   | Place    | Note
-------+----------+-------------------------------------------
     0 | D:1      | safid the Merfolk Ice Elementalist began the quest for the
                  | Orb.
     0 | D:1      | Reached XP level 1. HP: 13/13 MP: 3/3
   161 | D:1      | Reached XP level 2. HP: 20/20 MP: 1/5
   287 | D:1      | Noticed an eye of devastation
   297 | D:1      | Reached skill level 1 in Fighting
   310 | D:1      | Noticed a floating eye
   312 | D:1      | Found a faded altar of an unknown god.
   314 | D:1      | Noticed an eye of devastation
   314 | D:1      | Noticed a great orb of eyes
   775 | D:1      | Found Iffaxunk's Book Boutique.
   789 | D:1      | Found Agiwaum's Antique Armour Emporium.
   929 | D:1      | Reached XP level 3. HP: 26/26 MP: 4/6
   933 | D:1      | Learned a level 3 spell: Frozen Ramparts
  1373 | D:2      | Reached skill level 5 in Ice Magic
  1373 | D:2      | Reached XP level 4. HP: 28/33 MP: 3/8
  2190 | D:3      | Identified the +5 spear of Impatience {heavy, *Noise rElec
                  | rF- Int+5}
  2230 | D:3      | Noticed Jessica
  2238 | D:3      | Killed Jessica
  2239 | D:3      | Reached XP level 5. HP: 32/39 MP: 5/9
  2703 | D:3      | Noticed Robin
  2774 | D:3      | Killed Robin
  2927 | D:3      | Learned a level 3 spell: Ozocubu's Armour
  3231 | D:4      | Noticed Edmund
  3246 | D:4      | Killed Edmund
  3247 | D:4      | Reached XP level 6. HP: 12/48 MP: 3/11
  3390 | D:4      | Identified the +9 mace of Uskayaw, Hurling {speed, Int+2}
  3398 | D:4      | Found a radiant altar of Vehumet.
  3401 | D:4      | Became a worshipper of Vehumet
  3448 | D:4      | Found a staircase to the Ecumenical Temple.
  3552 | D:4      | Noticed Menkaure
  3724 | D:4      | Killed Menkaure
  3725 | D:4      | Reached XP level 7. HP: 27/54 MP: 11/13
  4286 | D:5      | Entered Level 5 of the Dungeon
  4914 | D:5      | Found Logemm's Tremendous Tomes.
  5017 | D:5      | Reached skill level 5 in Fighting
  5218 | D:5      | Found a sparkling altar of Nemelex Xobeh.
  5221 | D:5      | Found a shadowy altar of Dithmenos.
  5236 | D:5      | Found a white marble altar of Elyvilon.
  5239 | D:5      | Found a stormy altar of Qazlal.
  5284 | D:5      | Reached XP level 8. HP: 62/62 MP: 15/15
  5419 | D:6      | Reached skill level 5 in Spellcasting
  5489 | D:6      | Reached * piety under Vehumet
  5489 | D:6      | Offered knowledge of Magic Dart by Vehumet.
  5572 | D:6      | Found a bloodstained altar of Trog.
  6551 | D:7      | Reached XP level 9. HP: 71/71 MP: 12/18
  6866 | D:7      | Found Girhyam's Magic Scroll Boutique.
  6870 | D:7      | Bought a scroll of identify for 26 gold pieces
  6870 | D:7      | Bought a scroll of identify for 26 gold pieces
  6870 | D:7      | Bought a scroll of blinking for 97 gold pieces
  6966 | D:7      | Found Roshytso's Armour Boutique.
  7257 | D:7      | Found Ojuuskyife's Antique Armour Shoppe.
  7266 | D:7      | Reached ** piety under Vehumet
  7411 | D:7      | Offered knowledge of Kiss of Death by Vehumet.
  7451 | D:7      | Found Begg's Book Shoppe.
  7638 | D:7      | Found Roshredgh's Distillery.
  7924 | D:7      | Found a snail-covered altar of Cheibriados.
  7924 | D:7      | Found an ornate altar of the Wu Jian Council.
  8400 | D:8      | Reached XP level 10. HP: 67/82 MP: 17/21
  8415 | D:8      | Offered knowledge of Hailstorm by Vehumet.
  8416 | D:8      | Reached skill level 10 in Ice Magic
  8420 | D:8      | Learned a level 3 spell: Hailstorm
  8907 | D:8      | Noticed a two-headed ogre
  8907 | D:8      | Noticed a two-headed ogre
  8913 | D:8      | Killed a two-headed ogre
  8915 | D:8      | Killed a two-headed ogre
  8944 | D:8      | Found the +12 pair of quick blades "Gyre" and "Gimble"
                  | {protect}
  9070 | D:9      | Reached skill level 1 in Short Blades
  9155 | D:9      | Reached *** piety under Vehumet
  9563 | D:9      | Reached skill level 10 in Fighting
  9592 | D:9      | Offered knowledge of Airstrike by Vehumet.
  9626 | D:9      | Reached XP level 11. HP: 87/90 MP: 16/23
  9988 | D:10     | Entered Level 10 of the Dungeon
 10258 | D:10     | Upgraded the game from 0.30.1-9-gdf580d7c3d to
                  | 0.30.1-10-g1249ef9ec4
 10333 | D:10     | Reached skill level 5 in Short Blades
 10361 | D:10     | Found a staircase to the Orcish Mines.
 10446 | D:10     | Reached **** piety under Vehumet
 10607 | D:10     | Noticed a two-headed ogre
 10614 | D:10     | Killed a two-headed ogre
 10898 | D:10     | Found a staircase to the Lair.
 11179 | D:10     | Offered knowledge of Mephitic Cloud by Vehumet.
 11489 | D:11     | Found a gate leading to a gauntlet.
 11505 | Gauntlet | Entered a Gauntlet
 11505 | Gauntlet | Found a transporter.
 11505 | Gauntlet | Found a transporter.
 11566 | Gauntlet | Found a transporter.
 11567 | Gauntlet | Noticed a soul eater
 11581 | Gauntlet | Found a transporter.
 11607 | Gauntlet | Found a transporter.
 11610 | Gauntlet | Found a transporter.
 11612 | Gauntlet | Noticed a reaper
 11626 | Gauntlet | Found a transporter.
 11692 | Gauntlet | Found a transporter.
 11692 | Gauntlet | Noticed a wizard
 11707 | Gauntlet | Found a transporter.
 11721 | Gauntlet | Found a transporter.
 11734 | Gauntlet | Found a transporter.
 11737 | Gauntlet | Noticed a reaper
 11817 | Gauntlet | Found a transporter.
 11829 | Gauntlet | Found a transporter.
 11837 | Gauntlet | Found a transporter.
 11839 | Gauntlet | Found a transporter.
 11873 | Gauntlet | Found a transporter.
 12268 | Gauntlet | Killed a wizard
 12412 | Gauntlet | Identified the +9 morningstar of Vasa {drain, *Noise
                  | Will++}
 12412 | Gauntlet | Noticed a minotaur
 12631 | Gauntlet | Killed a minotaur
 12632 | Gauntlet | Reached skill level 5 in Dodging
 12768 | Gauntlet | Identified the +1 scimitar of Hepliaklqana's Grace {flame,
                  | rC++}
 13079 | D:11     | Noticed a manticore
 13526 | Lair:1   | Entered Level 1 of the Lair of Beasts
 13597 | Lair:1   | Reached skill level 1 in Evocations
 13597 | Lair:1   | Reached XP level 12. HP: 88/99 MP: 19/25
 13670 | Lair:1   | Reached skill level 5 in Stealth
 15182 | Lair:2   | Reached ***** piety under Vehumet
 15210 | Lair:2   | Noticed a five-headed hydra
 15230 | Lair:2   | Killed a five-headed hydra
 15238 | Lair:2   | Offered knowledge of Ozocubu's Refrigeration by Vehumet.
 15248 | Lair:2   | Learned a level 7 spell: Ozocubu's Refrigeration
 15459 | Lair:2   | Noticed a four-headed hydra
 15468 | Lair:2   | Killed a four-headed hydra
 15475 | Lair:2   | Found a staircase to the Snake Pit.
 15788 | Lair:2   | Noticed a seven-headed hydra
 15805 | Lair:2   | Killed a seven-headed hydra
 15837 | Lair:2   | Found a staircase to the Swamp.
 16351 | Lair:3   | Reached XP level 13. HP: 106/106 MP: 23/26
 16377 | Lair:3   | Reached skill level 10 in Short Blades
 16680 | Lair:3   | Reached skill level 10 in Spellcasting
 17321 | Lair:4   | Noticed Kirke
 17508 | Lair:4   | Killed Kirke
 18119 | Lair:4   | Found a staircase to the Slime Pits.
 18127 | Lair:4   | Found a viscous altar of Jiyva.
 18796 | Lair:5   | Entered Level 5 of the Lair of Beasts
 18873 | Lair:5   | Reached skill level 5 in Evocations
 18976 | Lair:5   | Offered knowledge of Orb of Destruction by Vehumet.
 19356 | Lair:5   | Reached XP level 14. HP: 89/115 MP: 23/28
 21806 | Orc:1    | Entered Level 1 of the Orcish Mines
 22698 | Orc:2    | Entered Level 2 of the Orcish Mines
 22698 | Orc:2    | Found Vummiul's Book Shoppe.
 22698 | Orc:2    | Found Weevepto's Assorted Antiques.
 22708 | Orc:2    | Offered knowledge of Freezing Cloud by Vehumet.
 22708 | Orc:2    | Paralysed by an ogre mage for 2 turns
 22709 | Orc:2    | Reached XP level 15. HP: 60/124 MP: 21/30
 23388 | Orc:2    | Found Isys's Jewellery Shop.
 23398 | Orc:2    | Found Ifopt's Armour Boutique.
 23544 | Orc:2    | Found a staircase to the Elven Halls.
 24114 | Orc:2    | Bought the Atlas of Vehement Incandescence for 570 gold
                  | pieces
 24120 | Orc:2    | Learned a level 5 spell: Freezing Cloud
 24372 | D:1      | Bought a book of Alchemy for 364 gold pieces
 24372 | D:1      | Bought a book of Spatial Translocations for 234 gold pieces
 24375 | D:1      | Learned a level 2 spell: Blink
 24381 | D:1      | Learned a level 5 spell: Irradiate
 24588 | D:7      | Bought a potion of curing for 42 gold pieces
 24588 | D:7      | Bought a potion of might for 56 gold pieces
 24588 | D:7      | Bought a potion of curing for 42 gold pieces
 24588 | D:7      | Bought a potion of haste for 140 gold pieces
 24588 | D:7      | Bought a potion of curing for 42 gold pieces
 25093 | D:12     | Reached skill level 1 in Transmutations
 25204 | D:12     | Found a white marble altar of Elyvilon.
 25215 | D:12     | Noticed Snorg
 25220 | D:12     | Noticed Urug
 25223 | D:12     | Killed Snorg
 25233 | D:12     | Killed Urug
 25234 | D:12     | Reached skill level 1 in Conjurations
 25237 | D:12     | Reached skill level 1 in Translocations
 25269 | D:12     | Reached skill level 1 in Air Magic
 25366 | D:12     | Reached skill level 15 in Ice Magic
 25377 | D:12     | Identified a scroll of acquirement
 25383 | D:12     | Acquired the amulet of Laops {Acrobat Regen+}
 26175 | D:13     | Found a gate to the Vaults.
 26578 | D:14     | Reached ****** piety under Vehumet
 26578 | D:14     | Offered knowledge of Iskenderun's Battlesphere by Vehumet.
 26756 | D:14     | Found a bloodstained altar of Trog.
 26903 | D:15     | Entered Level 15 of the Dungeon
 26903 | D:15     | Noticed Kefanin's ghost (adept GrEE)
 26905 | D:15     | Noticed Nessos
 26927 | D:15     | Killed Nessos
 27094 | D:15     | Noticed Agnes
 27154 | D:15     | Reached XP level 16. HP: 110/134 MP: 19/32
 27289 | D:15     | Found a runed translucent gate.
 27290 | D:15     | Found a runed translucent gate.
 27290 | D:15     | Found a runed translucent gate.
 27477 | D:15     | Reached skill level 5 in Transmutations
 27534 | D:15     | Found a staircase to the Depths.
 27600 | D:15     | Found a snail-covered altar of Cheibriados.
 27613 | D:15     | Killed Agnes
 28168 | D:15     | Identified the +11 spear "Orb Guardian's Curse" {drain,
                  | rPois}
 28205 | D:15     | Reached skill level 15 in Fighting
 28708 | Swamp:1  | Entered Level 1 of the Swamp
 28917 | Swamp:1  | Reached skill level 10 in Dodging
 30136 | Orc:2    | Bought the ring of Oxecs {Contam rN+ AC+4 Int+2 Dex+4} for
                  | 813 gold pieces
 30277 | Swamp:2  | Noticed Jorgrun
 30508 | Swamp:2  | Killed Jorgrun
 30617 | Swamp:2  | Noticed Donald
 30624 | Swamp:2  | Killed Donald
 30895 | Swamp:2  | Offered knowledge of Fireball by Vehumet.
 32102 | Swamp:2  | HP: 6/137 [poisoned by a swamp dragon (poison gas)]
 32550 | Swamp:2  | Reached XP level 17. HP: 144/144 MP: 22/33
 32612 | Swamp:2  | Identified the +0 scale mail of Sususev {rPois rCorr
                  | Stlth+}
 33177 | Swamp:3  | Noticed Roxanne
 33472 | Swamp:4  | Entered Level 4 of the Swamp
 33620 | Swamp:4  | Reached skill level 10 in Transmutations
 33633 | Swamp:3  | Killed from afar by an eleionoma

Illustrated notes

Levels and vault maps discovered:
D:1:      minmay_arrival_doors, layout_basic, serial_shops,
          nicolae_book_shop_shelving, shop,
          hellmonk_ecumenical_altar_watching_god, st_stairs_1
D:2:      layout_rooms
D:3:      layout_basic, kennysheep_generic_room_14, uniq_jessica, uniq_robin
D:4:      layout_gridville, kennysheep_mini,
          minmay_temple_entry_drinking_statues, uniq_edmund, uniq_menkaure
D:5:      layout_basic, grunt_temple_overflow_cloverleaf,
          nicolae_shop_i_like_big_books, serial_bayou_pond_d,
          serial_bayou_pond_e
D:6:      layout_basic, mainiacjoe_overflow_six_doors_small,
          hangedman_decor_slide_cut
D:7:      layout_gridville, nicolae_overflow_two_pavilions, serial_shops,
          nicolae_shop_advertising_works [nicolae_subvault_shop_adworks],
          nicolae_shop_just_a_little_nook, nicolae_shop_peninsula, shop,
          nicolae_square_shop, grunt_ogre_cave, minivault_4, minmay_hedge_maze,
          roderic_lattice_a
D:8:      layout_rooms, hangedman_abyss_or_decor_jellyfish_corner,
          hellmonk_guarded_unrand_gyre_and_gimble
D:9:      layout_roguey, serial_undead, serial_undead_e, serial_undead_b,
          serial_undead_e, serial_undead_b, serial_undead_f
D:10:     layout_irregular_city, due_lair_maze_entry_diamond,
          david_orc_1_choice, minmay_liquid_box
D:11:     layout_long_grid, gauntlet_entry_generic, grunt_tough_drop
D:12:     layout_loops_ring, serial_ice, serial_ice_k, serial_ice_f,
          serial_ice_a, serial_ice_e, serial_ice_d, elyvilon_altar_5,
          uniq_snorg, uniq_urug
D:13:     layout_rooms, david_vaults_5, nrook_loot_triangle
D:14:     layout_big_octagon, chequers_hall_statues_wall_a, st_stairs_1,
          trog_hazing_becter
D:15:     grunt_enter_depths_magical_seal, layout_basic,
          gammafunk_ghost_hydra_chop, minivault_26, slow_altar_1, uniq_agnes,
          uniq_nessos
Lair:1:   layout_long_grid, nicolae_lair_lil_pond, st_stairs_6,
          serial_bayou_pond_e
Lair:2:   layout_regular_city, palyth_hydra_swamp_entry,
          nicolae_snake_entry_squirm
Lair:3:   layout_regular_city, minmay_shattered_shrine
Lair:4:   layout_hall_layers, minmay_slime_entry_jelly_boxes, serial_rivers,
          chequers_serial_rivers_large_b, chequers_serial_rivers_micro_d,
          chequers_serial_rivers_room_a, chequers_serial_rivers_micro_e,
          chequers_serial_rivers_micro_e, chequers_serial_rivers_large_a,
          uniq_kirke
Lair:5:   minmay_lair_end_enchanted_forest, layout_regular_city,
          lemuel_fruit_fields
Swamp:1:  layout_basic_swamp, evilmike_swamp_ruin_rubble_2
Swamp:2:  layout_basic_swamp, nicolae_swamp_oxbows, swamp_pool4,
          hangedman_swamp_double_dragon, uniq_jorgrun, uniq_donald
Swamp:3:  nicolae_swamp_flooded_prison, layout_falls_marsh,
          evilmike_swamp_ruin_house_6, infiniplex_staircase_pool_2,
          uniq_roxanne, uniq_nikola
Swamp:4:  grunt_swamp_rune_castle, layout_basic_swamp, gammafunk_ghost_grave,
          swamp_pool2, cheibrodos_swamp_witchery, uniq_aizul, uniq_mara
Orc:1:    layout_caves, basic_altar
Orc:2:    st_orc_open, layout_caves, kennysheep_orc_chapel

Skill      XL: |  1  2  3  4  5  6  7  8  9 10 11 12 13 14 15 16 17 |
---------------+----------------------------------------------------+-----
Fighting       | 1 2 3 4 5 6 8 10 11 12 13 14 15 16 | 16.2
Ice Magic      | 5 6 7 8 9 11 12 13 14 15 16 | 16.2
Spellcasting   | 3 4 6 7 8 9 10 11 12 | 12.0
Short Blades   | 4 7 9 11 12 | 12.0
Dodging        | 5 7 8 9 11 12 | 12.4
Stealth        | 4 6 8 |  8.0
Evocations     | 1 3 5 7 8 |  8.0
Transmutations | 4 9 10 | 10.0
Conjurations   | 2 4 |  4.0
Translocations | 2 |  2.0
Air Magic      | 2 |  2.0

Action                     |  1- 3 |  4- 6 |  7- 9 | 10-12 | 13-15 | 16-18 || total
---------------------------+-------+-------+-------+-------+-------+-------++-------
  Melee: Unarmed           |    23 |       |       |       |     2 |       ||    25
         Short sword       |    74 |    47 |       |       |       |       ||   121
         Punch             |     1 |     1 |       |       |       |       ||     2
         Spear             |       |    27 |       |       |       |       ||    27
         Mace              |       |     9 |   174 |    20 |       |       ||   203
         Pair of quick bla |       |       |       |   362 |   929 |   184 ||  1475
         Tailslap          |       |       |       |     6 |    14 |    15 ||    35
   Cast: Freeze            |    25 |    11 |     2 |       |       |       ||    38
         Frozen Ramparts   |       |     6 |    23 |    54 |    40 |     5 ||   128
         Ozocubu's Armour  |       |     2 |    22 |    55 |    37 |     5 ||   121
         Hailstorm         |       |       |       |     2 |     3 |       ||     5
         Ozocubu's Refrige |       |       |       |       |    53 |   135 ||   188
         Irradiate         |       |       |       |       |       |     8 ||     8
    Use: Scroll            |       |       |     8 |     5 |    13 |     9 ||    35
         Potion            |       |       |       |       |     7 |     4 ||    11
   Stab: Sleeping          |     2 |     4 |     1 |     6 |    11 |     3 ||    27
         Distracted        |       |       |       |       |     4 |       ||     4
 Armour: Robe              |    20 |    17 |    38 |    98 |   209 |    85 ||   467
  Dodge: Dodged            |    86 |    46 |   151 |   266 |   475 |   247 ||  1271
